 Dungeon Crawl Stone Soup version 0.32-a0-128-g77eb882913 (webtiles) character file.

Game seed: 16631777734678446039

13 cforsyth the Magician (level 2, 0/24 HPs)
             Began as a Djinni Warper on Feb 7, 2024.
             Slain by a ribbon worm (7 damage)
             ... on level 2 of the Dungeon.
             The game lasted 00:01:33 (443 turns).

cforsyth the Magician (Djinni Warper)                Turns: 443, Time: 00:01:34

Health: 0/24       AC:  3    Str: 10    XL:     2   Next: 50%
Gold:   30         EV: 11    Int: 14    God:
                   SH:  0    Dex: 12

rFire   + + .        a - +0 falchion
rCold   x . .        (no shield)
rNeg    . . .        b - +0 leather armour
rPois   ∞            (no helmet)
rElec   .            (no cloak)
rCorr   .            (no gloves)
SInv    .            (boots unavailable)
Will    .....        (no amulet)
Stlth   +            (no ring)
HPRegen 0.24/turn    (no ring)
MPRegen 0.00/turn

%: infuse magic (-1 HP)
@: flying
A: sickness immunity, fire resistance 2, cold vulnerability 1, float, innate
caster, HP casting, extra vitality 1
a: no special abilities


You were on level 2 of the Dungeon.
You visited 1 branch of the dungeon, and saw 2 of its levels.

You collected 30 gold pieces.


Innate Abilities, Weirdness & Mutations

You are immune to sickness and miasma.
You are immune to poison.
Your flesh is very heat resistant. (rF++)
You are vulnerable to cold. (rC-)
You float through the air rather than walking.
You learn spells naturally, not from books.
Your magical power is your life essence.
You have superior vitality. (+4 MHP)


   Skills:
 + Level 2.4 Fighting
 - Level 1.7 Long Blades
 - Level 0.7 Throwing
 - Level 1.0 Armour
 - Level 2.1 Dodging
 + Level 3.1 Spellcasting
 + Level 3.1 Conjurations
 + Level 3.1 Hexes
 + Level 3.1 Summonings
 + Level 3.1 Necromancy
 + Level 3.1 Translocations
 + Level 3.1 Fire Magic
 + Level 3.1 Ice Magic
 + Level 3.1 Air Magic
 + Level 3.1 Earth Magic
 + Level 3.1 Alchemy


You knew the following spells:

 Your Spells              Type           Power      Damage    Failure   Level
l - Lesser Beckoning      Tloc           22%        N/A       12%         2
m - Manifold Assault      Tloc           11%        N/A       61%         4
t - Teleport Other        Tloc           11%        N/A       24%         3
B - Blink                 Tloc           22%        N/A       12%         2
X - Vhi's Electric Charg  Tloc/Air       22%        N/A       61%         4
Your spell library was empty.

Inventory:

Hand Weapons
 a - a +0 falchion (weapon)
Missiles
 d - 6 darts of dispersal (quivered) {=f=f}
Armour
 b - a +0 leather armour (worn)
Scrolls
 c - a scroll of blinking
 e - a scroll of identify {unknown}
 f - a scroll of vulnerability {unknown}
 g - a scroll of immolation {unknown}

Dungeon Overview and Level Annotations

Branches:
Dungeon (1/15)

Altars:

#..w...w....##..
#.######....>... ##.#
#[.###.#. #..# #........
########.## #.###.##.
#........# #.## .#
#........#######..# #
#.............###.##..###
#........####..@w........
########## #####..:.....
#########


You could see a ribbon worm (catching breath).


Message History

The stream of webbing misses you.
You hit the ribbon worm but do no damage.
The ribbon worm is moderately wounded.
The ribbon worm bites you!
* * * LOW HITPOINT WARNING * * *
You are too injured to fight recklessly!
You are too injured to fight recklessly!
You are too injured to fight recklessly!
You are too injured to fight recklessly!
You are too injured to fight recklessly!
You are too injured to fight recklessly!
You are too injured to fight recklessly!
You are too injured to fight recklessly!
You slash the ribbon worm!
The ribbon worm is severely wounded.
The ribbon worm expels a string of sticky webbing.
The stream of webbing hits you but does no damage.
You are caught in a web!
The web tears apart.
The ribbon worm bites you.
* * * LOW HITPOINT WARNING * * *
You completely miss the ribbon worm.
The ribbon worm is heavily wounded.
The ribbon worm closely misses you.
You hit the ribbon worm.
The ribbon worm is heavily wounded.
The ribbon worm expels a string of sticky webbing.
The stream of webbing hits you but does no damage.
You are caught in a web!
The web tears apart.
The ribbon worm bites you!
You die...

Skill      XL: |  1 |
---------------+----+-----
Spellcasting   | 3 |  3.1
Conjurations   | 3 |  3.1
Hexes          | 3 |  3.1
Summonings     | 3 |  3.1
Necromancy     | 3 |  3.1
Translocations | 3 |  3.1
Fire Magic     | 3 |  3.1
Ice Magic      | 3 |  3.1
Air Magic      | 3 |  3.1
Earth Magic    | 3 |  3.1
Alchemy        | 3 |  3.1
Fighting       | |  2.4
Long Blades    | |  1.7
Throwing       | |  0.7
Armour         | |  1.0
Dodging        | |  2.1

Action                     || total
---------------------------++-------
  Melee: Falchion          ||    57
         Punch             ||     4
  Throw: Dart              ||     1
 Armour: Leather armour    ||    40
  Dodge: Dodged            ||    39

Levels and vault maps discovered:
D:1:      co_arrival_random_square_maze, layout_basic, serial_bayou_pond_a,
          minmay_lizard_king
D:2:      layout_rooms, uniq_sigmund, uniq_natasha

Notes
Turn   | Place    | Note
-------+----------+-------------------------------------------
     0 | D:1      | cforsyth the Djinni Warper began the quest for the Orb.
     0 | D:1      | cforsyth set off with the following spells memorised:
                  | Blink, Lesser Beckoning, Teleport Other, Manifold Assault,
                  | Vhi's Electric Charge.
     0 | D:1      | Reached XP level 1. HP: 18/18 MP: 0/0
    88 | D:1      | Reached skill level 3 in Spellcasting
    88 | D:1      | Reached skill level 3 in Conjurations
    88 | D:1      | Reached skill level 3 in Hexes
    88 | D:1      | Reached skill level 3 in Summonings
    88 | D:1      | Reached skill level 3 in Necromancy
    88 | D:1      | Reached skill level 3 in Translocations
    88 | D:1      | Reached skill level 3 in Fire Magic
    88 | D:1      | Reached skill level 3 in Ice Magic
    88 | D:1      | Reached skill level 3 in Air Magic
    88 | D:1      | Reached skill level 3 in Earth Magic
    88 | D:1      | Reached skill level 3 in Alchemy
   150 | D:1      | Reached XP level 2. HP: 17/23 MP: 0/0
   319 | D:1      | You are sucked into a shaft and drop 1 floor!
   443 | D:2      | Slain by a ribbon worm

Vanquished Creatures
  A dart slug (D:1)
  An endoplasm (D:1)
  A goblin (D:1)
  A hobgoblin (D:1)
  2 jackals (D:1)
  A ball python (D:2)
  A bat (D:1)
  2 kobolds (D:1)
10 creatures vanquished.

Table legend: (Time is in decaauts)
 A = Elapsed time spent in this place.
 B = Non-inter-level travel time spent in this place.
 C = Inter-level travel time spent in this place.
 D = Time resting spent in this place.
 E = Time spent auto-exploring this place.
 F = Levels seen in this place.
 G = Mean time per level.
                   A        B        C        D        E       F      G
               +--------+--------+--------+--------+--------+-----+--------+
         Total |    455 |    455 |      0 |      0 |    298 |   2 |  227.5 |
       Dungeon |    455 |    455 |      0 |      0 |    298 |   2 |  227.5 |
               +--------+--------+--------+--------+--------+-----+--------+

Top non-repeatable levels by time:
     D:1: 327 daAuts
     D:2: 127 daAuts

Table legend:
 A = Non-vault XP
 B = Vault XP
 C = Vault XP percentage of total XP
 D = Non-vault monster count
 E = Vault monster count
 F = Vault count percentage of total count
                 A         B        C        D         E       F
            +---------+---------+-------+---------+---------+-------
      Total |      19 |       0 |   0.0 |      10 |       0 |   0.0
            +---------+---------+-------+---------+---------+-------
        D:1 |      18 |       0 |   0.0 |       9 |       0 |   0.0
        D:2 |       1 |       0 |   0.0 |       1 |       0 |   0.0
            +---------+---------+-------+---------+---------+-------
